 Dungeon Crawl Stone Soup version 0.17-a0-2208-ge5ab1d3 (webtiles) character file.

155 radek the Conjurer (level 5, -10/28 HPs)
             Began as a Deep Elf Conjurer on Oct 26, 2015.
             Killed by divine providence
             ... invoked by an orc priest
              (12 damage)
             ... on level 3 of the Dungeon.
             The game lasted 00:11:56 (3693 turns).

radek the Conjurer (Deep Elf Conjurer)              Turns: 3693, Time: 00:11:56

Health: -10/28     AC:  2    Str:  6    XL:     5   Next: 14%
Magic:  11/11      EV: 13    Int: 20    God:
Gold:   155        SH:  0    Dex: 15    Spells: 2 memorised, 4 levels left

rFire  . . .     SeeInvis .     e - +0 dagger
rCold  . . .     Clarity  .     a - +0 robe
rNeg   . . .     SustAt   .     (no shield)
rPois  .         Gourm    .     (no helmet)
rElec  .         Spirit   .     (no cloak)
rCorr  .         Warding  .     (no gloves)
rMut   .         Stasis   .     (no boots)
MR     .....                    (no amulet)
Stlth  ++........               (no ring)
                                j - ring of wizardry

@: not resistant to hostile enchantments, unstealthy
A: no striking features
a: no special abilities


You were on level 3 of the Dungeon.
You were not hungry.

You visited 1 branch of the dungeon, and saw 3 of its levels.

You collected 155 gold pieces.

Inventory:

Hand Weapons
 e - a +0 dagger (weapon)
 g - a cursed -2 dagger
 h - a +0 dagger
Armour
 a - a +0 robe (worn)
Jewellery
 j - a ring of wizardry (left hand)
 q - an uncursed amulet of resist mutation {unknown}
Scrolls
 d - 2 scrolls of teleportation {unknown}
 k - 4 scrolls of identify {unknown}
 l - a scroll of blinking {unknown}
 r - 3 scrolls of immolation {unknown}
 s - 2 scrolls of random uselessness {unknown}
 t - a scroll of magic mapping {unknown}
 u - a scroll of remove curse {unknown}
Potions
 f - a potion of curing {unknown}
 i - a potion of flight {unknown}
 n - 3 potions of heal wounds {unknown}
 o - a potion of lignification {unknown}
 p - a potion of cure mutation {unknown}
Books
 b - a book of Conjurations

   Spells                             Type                      Level
   a - Magic Dart                     Conjuration                  1
   b - Searing Ray                    Conjuration                  2
   c - Dazzling Spray                 Conjuration/Hexes            3
   d - Fulminant Prism                Conjuration/Hexes            4
   e - Iskenderun's Mystic Blast      Conjuration                  4
   f - Iskenderun's Battlesphere      Conjuration/Charms           5
Comestibles
 c - 3 bread rations


   Skills:
 - Level 2.4 Dodging
 - Level 2.4 Stealth
 - Level 3.0 Spellcasting
 - Level 6.9 Conjurations
 * Level 1.5 Charms


You had 4 spell levels left.
You knew the following spells:

 Your Spells              Type           Power        Failure   Level  Hunger
a - Magic Dart            Conj           ####         1%          1    None
b - Iskenderun's Battles  Conj/Chrm      ###.....     47%         5    ######.


Dungeon Overview and Level Annotations

Branches:
Dungeon (3/15)

Altars:
Gozag


Message History

Confirm with . or Enter, or press ? or * to list all spells.
Aiming: Magic Dart
Press: ? - help, Shift-Dir - straight line, f/p - orc
Aim: an orc, wielding a flail (moderately wounded)
The magic dart hits the orc.
The orc is heavily wounded.
The orc hits you with a flail.
The orc priest calls down the wrath of Beogh upon you.
Something smites you!
The orc shouts!
The orc priest calls down the wrath of Beogh upon you.
Something smites you!
* * * LOW HITPOINT WARNING * * *
The orc priest calls upon Beogh to heal the orc.
The orc's wounds heal themselves!
The orc priest looks braver for a moment.
All of the chunks of flesh in your inventory have rotted away.
The orc priest mumbles some strange prayers to Beogh against you.
Something smites you!
You die...

##.# #.# ...# #.#
#### ########.####
#..........o. ##
#.###..#.#### .######
##### #.#........##
.##...#
#...####.#.#o.#.#...
......#
#.....o.oo..........
>##...#
#..@#########.....##
.###.## ##.##
##...### .# #.# #.#
##.## # ## #.# ##.##
#.# # # #.#####
##...## #.# # #.....#
#....<# ##'## # #
#####.# #.....#
##...### ### #.#
#.(...## ##.....##
##.###.#
##...#.######.......#


You could see an orc priest and 2 orcs.

Vanquished Creatures
  A jelly (D:3)
  5 adders
  An ooze (D:2)
  2 worms (D:2)
  An orc (D:3)
  2 ball pythons
  3 giant cockroaches
  7 hobgoblins
  6 jackals (D:1)
  13 kobolds
  2 quokkas
  7 bats
  6 giant newts
  9 goblins
  14 rats
79 creatures vanquished.

Notes
Turn   | Place    | Note
--------------------------------------------------------------
     0 | D:1      | radek the Deep Elf Conjurer began the quest for the Orb.
     0 | D:1      | Reached XP level 1. HP: 10/10 MP: 6/6
    75 | D:1      | Reached XP level 2. HP: 13/15 MP: 0/8
   176 | D:1      | Reached skill level 5 in Conjurations
   604 | D:1      | Reached XP level 3. HP: 19/19 MP: 4/9
  1394 | D:2      | Reached skill level 6 in Conjurations
  1444 | D:2      | Reached XP level 4. HP: 24/24 MP: 6/10
  3151 | D:3      | Reached XP level 5. HP: 28/28 MP: 7/11
  3158 | D:3      | Learned a level 5 spell: Iskenderun's Battlesphere
  3289 | D:3      | Found an opulent altar of Gozag.
  3329 | D:3      | Reached skill level 1 in Charms
  3679 | D:3      | HP: 1/28 [orc priest/divine providence (10)]
  3693 | D:3      | Killed from afar by an orc priest

Vault maps used:
D:1:      mushboom_english_gardens, serial_bayou_pond_d
D:2:      first_bread
D:3:      grunt_gozag_statues, minmay_tree_intersection

Action                   |  1- 3 |  4- 6 || total
-------------------------+-------+-------++-------
Melee: Unarmed           |     6 |       ||     6
       Dagger            |    25 |       ||    25
 Cast: Magic Dart        |    82 |    66 ||   148
  Eat: Chunk             |     1 |     4 ||     5
       Pizza             |       |     1 ||     1
       Beef jerky        |       |     1 ||     1
